 Dungeon Crawl Stone Soup version 0.24-a0-139-geb6712d (webtiles) character file.

Game seed: 8575418455259111156

154 Anon1729 the Vandal (level 5, -2/35 HPs)
             Began as a Halfling Hunter on Mar 3, 2019.
             Slain by Grinder (6 damage)
             ... while paralysed by Grinder
             ... on level 3 of the Dungeon.
             The game lasted 00:04:04 (2357 turns).

Anon1729 the Vandal (Halfling Hunter)               Turns: 2357, Time: 00:04:04

Health: -2/35      AC:  3    Str: 13    XL:     5   Next: 62%
Magic:  5/5        EV:  3    Int:  9    God:
Gold:   117        SH:  0    Dex: 16    Spells: 4/4 levels left

rFire    . . .     SeeInvis .   a - +1 hunting sling
rCold    . . .     Gourm    .   (shield restricted)
rNeg     . . .     Faith    .   c - +0 leather armour
rPois    .         Spirit   .   (no helmet)
rElec    .         Reflect  .   (no cloak)
rCorr    .         Harm     .   (no gloves)
MR       .....                  (no boots)
Stlth    ++........             (no amulet)
HPRegen  0.11/turn              (no ring)
MPRegen  0.09/turn              (no ring)

@: paralysed
A: small, mutation resistance 1
a: no special abilities


You were on level 3 of the Dungeon.
You were not hungry.

You visited 1 branch of the dungeon, and saw 3 of its levels.
You also visited: Sewer.

You collected 117 gold pieces.

Inventory:

Hand Weapons
 a - a +1 hunting sling (weapon)
 b - a +0 short sword
Missiles
 i - 40 stones (quivered)
Armour
 c - a +0 leather armour (worn)
Jewellery
 h - an uncursed amulet of the acrobat {unknown}
 r - an uncursed ring of magical power {unknown}
Wands
 q - a wand of iceblast (8)
Scrolls
 e - 2 scrolls of enchant armour {unknown}
 k - 4 scrolls of teleportation {unknown}
 p - 2 scrolls of remove curse {unknown}
Potions
 g - 2 potions of magic {unknown}
 j - 2 potions of heal wounds {unknown}
 l - a potion of agility {unknown}
 m - 2 potions of lignification {unknown}
 n - a potion of might {unknown}
 o - a potion of curing
 t - a potion of ambrosia {unknown}
Comestibles
 f - 5 rations
 s - 9 chunks of flesh


   Skills:
 + Level 2.3 Fighting
 + Level 2.0 Short Blades
 * Level 7.2 Slings
 + Level 1.5 Armour
 + Level 2.9 Dodging
 + Level 2.2 Stealth


You had 4 spell levels left.
You didn't know any spells.
Your spell library was empty.

Dungeon Overview and Level Annotations

Branches:
Dungeon (3/15)

Altars:
Dithmenos
Elyvilon
Qazlal
Zin

Annotations:
D:3 Grinder


Innate Abilities, Weirdness & Mutations

You are small and have problems with some larger weapons.
You are somewhat resistant to further mutation.


Message History

You are too injured to fight recklessly!
Firing (i - inventory)
i - 41 stones (quivered)
Press: ? - help, Shift-Dir - straight line, f/p - Grinder
Aim: Grinder (severely wounded)
You shoot a stone. The stone hits Grinder.
Grinder is severely wounded.
Grinder hits you.
You writhe in agony.
* * * LOW HITPOINT WARNING * * *
Unknown command.
Grinder gestures at you.
You suddenly lose the ability to move!
Grinder says, "DUCK!"
Grinder gestures at you. You resist with significant effort.
Grinder gestures at you. You resist with significant effort. Grinder hits you.
* * * LOW HITPOINT WARNING * * *
You writhe in agony.
You die...

.................
.########..######
#..# #..# #.(#
#.(####.#
#.(.....#
#.5######.#
#..@.......
#..(.......
###########


You could see Grinder.

Vanquished Creatures
  An orc wizard (D:3)
  4 adders
  A river rat (D:3)
  An ooze (D:1)
  A worm (D:2)
  2 dart slugs (D:1)
  3 leopard geckos
  3 orcs (D:3)
  2 giant cockroaches (D:3)
  3 goblins (D:1)
  8 hobgoblins
  9 jackals
  10 kobolds
  2 ball pythons (Sewer)
  5 bats
  5 frilled lizards
  6 rats
  A plant (Sewer)
67 creatures vanquished.

Vanquished Creatures (others)
  5 toadstools (D:1)
5 creatures vanquished.

Grand Total: 72 creatures vanquished

Notes
Turn   | Place    | Note
-------+----------+-------------------------------------------
     0 | D:1      | Anon1729 the Halfling Hunter began the quest for the Orb.
     0 | D:1      | Reached XP level 1. HP: 14/14 MP: 1/1
    57 | D:1      | Reached skill level 6 in Slings
    57 | D:1      | Reached XP level 2. HP: 15/19 MP: 2/2
   223 | D:1      | Reached skill level 1 in Short Blades
   223 | D:1      | Reached XP level 3. HP: 24/24 MP: 3/3
   643 | D:2      | Found a shadowy altar of Dithmenos.
   677 | D:2      | Reached skill level 1 in Armour
   718 | D:2      | Found a white marble altar of Elyvilon.
   798 | D:2      | Reached XP level 4. HP: 29/29 MP: 4/4
   820 | D:2      | Noticed an air elemental
   830 | D:2      | Found a stormy altar of Qazlal.
   834 | D:2      | Noticed an earth elemental
   838 | D:2      | Noticed a water elemental
   838 | D:2      | Noticed a fire elemental
   869 | D:2      | Found a glowing silver altar of Zin.
  1391 | D:3      | Found a glowing drain.
  1438 | Sewer    | Entered a sewer
  1471 | Sewer    | Reached XP level 5. HP: 30/34 MP: 5/5
  1511 | Sewer    | Reached skill level 7 in Slings
  2323 | D:3      | Noticed Grinder
  2344 | D:3      | Paralysed by Grinder for 4 turns
  2348 | D:3      | HP: 1/35 [Grinder (6)]
  2353 | D:3      | Paralysed by Grinder for 7 turns
  2357 | D:3      | Slain by Grinder

Levels and vault maps discovered:
D:1:      ldierk_walled_garden, layout_basic
D:2:      layout_basic, nicolae_dithmenos_shadow_blocks,
          nicolae_qazlal_style_of_elements, zin_scriptorium, elyvilon_altar_1
D:3:      layout_rooms, gup_sewer_entry_bubbles, roderic_lattice_a,
          trog_hazing_becter, uniq_grinder, uniq_sigmund, uniq_jessica
Sewer:    sewer_co_scattered_pipes

Skill      XL: |  1  2  3  4  5 |
---------------+----------------+-----
Slings         | 6 7 |  7.2
Short Blades   | 1 2 |  2.0
Fighting       | 2 |  2.3
Armour         | 1 |  1.5
Stealth        | 2 |  2.2
Dodging        | |  2.9

Action                   |  1- 3 |  4- 6 || total
-------------------------+-------+-------++-------
Melee: Short sword       |       |   119 ||   119
       Hunting sling     |       |     4 ||     4
 Fire: Hunting sling     |    80 |   117 ||   197
  Use: Potion            |       |     2 ||     2
  Eat: Chunk             |       |     5 ||     5
Armor: Leather armour    |     6 |    10 ||    16
Dodge: Dodged            |    14 |    42 ||    56

Table legend:
 A = Non-vault XP
 B = Vault XP
 C = Vault XP percentage of total XP
 D = Non-vault monster count
 E = Vault monster count
 F = Vault count percentage of total count
                 A         B        C        D         E       F
            +---------+---------+-------+---------+---------+-------
      Total |     142 |      78 |  35.5 |      47 |      19 |  28.8
            +---------+---------+-------+---------+---------+-------
        D:1 |      35 |       0 |   0.0 |      15 |       0 |   0.0
        D:2 |      49 |       0 |   0.0 |      20 |       0 |   0.0
        D:3 |      58 |      35 |  37.6 |      12 |       7 |  36.8
      Sewer |       0 |      43 | 100.0 |       0 |      12 | 100.0
            +---------+---------+-------+---------+---------+-------
